| TOP OF THE 1ST |
|
Amarillo ThunderHeads batting - Pitching for Joplin Blasters : RHP Mike Galvin
|
|
Pitching: RHP Mike Galvin
|
|
|
Batting: SHB Zack Barton
|
0-0: Called Strike 0-1: Foul Ball, location: 2F 0-2: Foul Ball, location: 2F 0-2: Strikes out swinging
|
|
Batting: RHB Luis Reyna
|
0-0: Ball 1-0: Foul Ball, location: 2F 1-1: Foul Ball, location: 2F 1-2: Ball 2-2: Foul Ball, location: 2F 2-2: SINGLE (Line Drive, 8RM, EV 106.9 MPH)
|
|
Batting: SHB Tim Rogers
|
0-0: Ball 1-0: Foul Ball, location: 2F 1-1: Swinging Strike 1-2: Strikes out looking
|
|
Batting: RHB Nick Solberg
|
0-0: Ball 1-0: Foul Ball, location: 2F 1-1: Ball Wild Pitch! Luis Reyna to second 2-1: SINGLE (Line Drive, 8RS, EV 107.5 MPH) Luis Reyna to third Runner from 3rd tries for Home, throw by CF and OUT! 8-2
|
| Top of the 1st over - 0 runs, 2 hits, 0 errors, 1 left on base; Amarillo 0 - Joplin 0 |
| BOTTOM OF THE 1ST |
|
Joplin Blasters batting - Pitching for Amarillo ThunderHeads : RHP Anastagio Fasola
|
|
Pitching: RHP Anastagio Fasola
|
|
|
Batting: RHB Dave Saldana
|
0-0: Ball 1-0: Called Strike 1-1: Ball 2-1: Foul Ball, location: 2F 2-2: Foul Ball, location: 2F 2-2: Ball 3-2: Foul Ball, location: 2F 3-2: Base on Balls
|
|
Batting: RHB Matt Belgard
|
0-0: Called Strike 0-1: Ball 1-1: Ball 2-1: Grounds into double play, 6-4-3 (Groundball, 6MD, EV 85.6 MPH)
|
|
Batting: LHB David Bearden
|
0-0: Ball 1-0: Called Strike 1-1: Ball 2-1: Ball 3-1: Foul Ball, location: 2F 3-2: Base on Balls
|
|
Batting: RHB Justin Goff
|
0-0: Ball 1-0: Ground out 5-3 (Groundball, 56S, EV 71.9 MPH)
|
| Bottom of the 1st over - 0 runs, 0 hits, 0 errors, 1 left on base; Amarillo 0 - Joplin 0 |
| TOP OF THE 2ND |
|
Amarillo ThunderHeads batting - Pitching for Joplin Blasters : RHP Mike Galvin
|
|
Batting: RHB Sal Cervantes
|
0-0: Ball 1-0: Ball 2-0: Ground out 5-3 (Groundball, 56S, EV 85.6 MPH)
|
|
Batting: RHB Ron Squires
|
0-0: SINGLE (Groundball, P, EV 85.6 MPH) (infield hit)
|
|
Batting: RHB Luis Solorzano
|
0-0: Called Strike Ron Squires steals 2nd base 0-1: Ball 1-1: DOUBLE (Line Drive, 9LD, EV 105.0 MPH) Ron Squires scores
|
|
Batting: RHB Elias Sagrero
|
0-0: Foul Ball, location: 2F 0-1: Ball 1-1: Reached on error, E5 (Groundball, 56S, EV 78.1 MPH) Luis Solorzano scores
|
|
Batting: SHB Tyler Romo
|
0-0: Called Strike 0-1: Swinging Strike 0-2: Ground out 6-3 (Groundball, 6, EV 83.1 MPH)
|
|
Batting: SHB Zack Barton
|
0-0: Fly out, F4 (Line Drive, 4, EV 69.4 MPH)
|
| Top of the 2nd over - 2 runs, 2 hits, 1 error, 1 left on base; Amarillo 2 - Joplin 0 |
| BOTTOM OF THE 2ND |
|
Joplin Blasters batting - Pitching for Amarillo ThunderHeads : RHP Anastagio Fasola
|
|
Batting: LHB Josh Dalton
|
0-0: Ball 1-0: Ball 2-0: Called Strike 2-1: Foul Ball, location: 2F 2-2: Ball 3-2: Foul Ball, location: 2F 3-2: Base on Balls
|
|
Batting: SHB Sean Hill
|
0-0: Ball 1-0: Called Strike 1-1: Swinging Strike 1-2: Strikes out swinging
|
|
Batting: RHB Edwin Ramos
|
0-0: Ball 1-0: Foul Ball, location: 2F 1-1: Ball 2-1: SINGLE (Line Drive, 6M, EV 95.6 MPH) Josh Dalton to second
|
|
Batting: RHB Adam Krieger
|
0-0: Foul Ball, location: 2F 0-1: SINGLE (Groundball, 56S, EV 71.9 MPH) (infield hit) Josh Dalton to third Edwin Ramos to second
|
|
Batting: RHB Jason Birge
|
0-0: Ball 1-0: Ball 2-0: Swinging Strike 2-1: Grounds into double play, 6-4-3 (Groundball, 6, EV 105.0 MPH)
|
| Bottom of the 2nd over - 0 runs, 2 hits, 0 errors, 2 left on base; Amarillo 2 - Joplin 0 |
| TOP OF THE 3RD |
|
Amarillo ThunderHeads batting - Pitching for Joplin Blasters : RHP Mike Galvin
|
|
Batting: RHB Luis Reyna
|
0-0: Called Strike 0-1: Foul Ball, location: 2F 0-2: Ball 1-2: Strikes out swinging
|
|
Batting: SHB Tim Rogers
|
0-0: Ball 1-0: Ball 2-0: Ground out 6-3 (Groundball, 6MD, EV 90.6 MPH)
|
|
Batting: RHB Nick Solberg
|
0-0: Called Strike 0-1: Ball 1-1: Called Strike 1-2: Foul Ball, location: 2F 1-2: Ball 2-2: Ball 3-2: Base on Balls
|
|
Batting: RHB Sal Cervantes
|
0-0: Ball 1-0: Called Strike 1-1: Called Strike 1-2: Ball 2-2: Ball 3-2: Ground out 5-3 (Groundball, 56, EV 108.8 MPH)
|
| Top of the 3rd over - 0 runs, 0 hits, 0 errors, 1 left on base; Amarillo 2 - Joplin 0 |
| BOTTOM OF THE 3RD |
|
Joplin Blasters batting - Pitching for Amarillo ThunderHeads : RHP Anastagio Fasola
|
|
Batting: RHB Dave Saldana
|
0-0: Ball 1-0: SOLO HOME RUN (Flyball, 78XD, EV 101.9 MPH), Distance : 401 ft
|
|
Batting: RHB Matt Belgard
|
0-0: Swinging Strike 0-1: Called Strike 0-2: Ball 1-2: Ball 2-2: Foul Ball, location: 2F 2-2: Ball 3-2: Foul Ball, location: 2F 3-2: Foul Ball, location: 2F 3-2: Reached on error, E6 (Groundball, 6, EV 88.8 MPH)
|
|
Batting: LHB David Bearden
|
0-0: Fielders Choice at 2nd, 5-4 (Groundball, 56D, EV 88.1 MPH)
|
|
Batting: RHB Justin Goff
|
Pickoff Throw to First - Out! 1-3 0-0: Called Strike 0-1: Foul Ball, location: 2F 0-2: Ball 1-2: Ball 2-2: Ball 3-2: Ground out 6-3 (Groundball, 6, EV 90.6 MPH)
|
| Bottom of the 3rd over - 1 run, 1 hit, 1 error, 0 left on base; Amarillo 2 - Joplin 1 |
| TOP OF THE 4TH |
|
Amarillo ThunderHeads batting - Pitching for Joplin Blasters : RHP Mike Galvin
|
|
Batting: RHB Ron Squires
|
0-0: Ground out U3 (Groundball, 34, EV 101.9 MPH)
|
|
Batting: RHB Luis Solorzano
|
0-0: Ball 1-0: Called Strike 1-1: Ground out U3 (Groundball, 34, EV 102.5 MPH)
|
|
Batting: RHB Elias Sagrero
|
0-0: Called Strike 0-1: Ball 1-1: Ball 2-1: Foul Ball, location: 2F 2-2: Strikes out swinging
|
| Top of the 4th over - 0 runs, 0 hits, 0 errors, 0 left on base; Amarillo 2 - Joplin 1 |
| BOTTOM OF THE 4TH |
|
Joplin Blasters batting - Pitching for Amarillo ThunderHeads : RHP Anastagio Fasola
|
|
Batting: LHB Josh Dalton
|
0-0: Called Strike 0-1: Foul Ball, location: 2F 0-2: Ball 1-2: SOLO HOME RUN (Flyball, 9LD, EV 95.6 MPH), Distance : 358 ft
|
|
Batting: SHB Sean Hill
|
0-0: Foul Ball, location: 2F 0-1: Foul Ball, location: 2F 0-2: DOUBLE (Flyball, 78D, EV 105.6 MPH)
|
|
Batting: RHB Edwin Ramos
|
0-0: Ball 1-0: Fly out, F7 (Line Drive, 7, EV 92.5 MPH)
|
|
Batting: RHB Adam Krieger
|
0-0: Intentional Walk
|
|
Batting: RHB Jason Birge
|
0-0: Fly out, F4 (Popup, 34, EV 65.0 MPH)
|
|
Batting: RHB Dave Saldana
|
0-0: Called Strike 0-1: Ball 1-1: Foul Ball, location: 2F 1-2: Ball 2-2: Ball 3-2: Fly out, F8 (Flyball, 89XD, EV 95.0 MPH)
|
| Bottom of the 4th over - 1 run, 2 hits, 0 errors, 2 left on base; Amarillo 2 - Joplin 2 |
| TOP OF THE 5TH |
|
Amarillo ThunderHeads batting - Pitching for Joplin Blasters : RHP Mike Galvin
|
|
Batting: SHB Tyler Romo
|
0-0: Ball 1-0: Ball 2-0: Foul Ball, location: 2F 2-1: Foul Ball, location: 2F 2-2: Ground out U3 (Groundball, 3, EV 81.9 MPH)
|
|
Batting: SHB Zack Barton
|
0-0: Ball 1-0: Ground out 4-3 (Groundball, 4, EV 98.1 MPH)
|
|
Batting: RHB Luis Reyna
|
0-0: Called Strike 0-1: Ball 1-1: Swinging Strike 1-2: Foul Ball, location: 2F 1-2: Ball 2-2: Foul Ball, location: 2F 2-2: Strikes out swinging
|
| Top of the 5th over - 0 runs, 0 hits, 0 errors, 0 left on base; Amarillo 2 - Joplin 2 |
| BOTTOM OF THE 5TH |
|
Joplin Blasters batting - Pitching for Amarillo ThunderHeads : RHP Anastagio Fasola
|
|
Pitching: LHP Victor Carde
|
|
|
Batting: RHB Matt Belgard
|
0-0: Foul Ball, location: 2F 0-1: Foul Ball, location: 2F 0-2: Ball 1-2: Ball 2-2: Foul Ball, location: 2F 2-2: Foul Ball, location: 2F 2-2: SINGLE (Line Drive, 89M, EV 93.8 MPH)
|
|
Batting: LHB David Bearden
|
0-0: Ball 1-0: Ball 2-0: Called Strike 2-1: Foul Ball, location: 2F 2-2: Strikes out looking
|
|
Batting: RHB Justin Goff
|
0-0: Ball 1-0: Ball Matt Belgard is caught stealing 2nd base 2-4 2-0: Ball 3-0: Called Strike 3-1: Ground out U3 (Groundball, 3, EV 86.3 MPH)
|
| Bottom of the 5th over - 0 runs, 1 hit, 0 errors, 0 left on base; Amarillo 2 - Joplin 2 |
| TOP OF THE 6TH |
|
Amarillo ThunderHeads batting - Pitching for Joplin Blasters : RHP Mike Galvin
|
|
Batting: SHB Tim Rogers
|
0-0: Foul Ball, location: 2F 0-1: Ball 1-1: Foul Ball, location: 2F 1-2: Ground out 6-3 (Groundball, 6, EV 108.8 MPH)
|
|
Batting: RHB Nick Solberg
|
0-0: Ball 1-0: Ground out 5-3 (Groundball, 5, EV 84.4 MPH)
|
|
Batting: RHB Sal Cervantes
|
0-0: Called Strike 0-1: Ball 1-1: Foul Ball, location: 2F 1-2: Ground out 4-3 (Groundball, 4M, EV 88.8 MPH)
|
| Top of the 6th over - 0 runs, 0 hits, 0 errors, 0 left on base; Amarillo 2 - Joplin 2 |
| BOTTOM OF THE 6TH |
|
Joplin Blasters batting - Pitching for Amarillo ThunderHeads : LHP Victor Carde
|
|
Batting: LHB Josh Dalton
|
0-0: Swinging Strike 0-1: Foul Ball, location: 2F 0-2: Ball 1-2: Ball 2-2: Ball 3-2: Strikes out swinging
|
|
Batting: SHB Sean Hill
|
0-0: Ball 1-0: Ball 2-0: Ball 3-0: Called Strike 3-1: Base on Balls
|
|
Batting: RHB Edwin Ramos
|
0-0: Ball 1-0: Ball 2-0: Ball 3-0: Called Strike 3-1: SINGLE (Groundball, 56, EV 103.1 MPH) Sean Hill to second
|
|
Batting: RHB Adam Krieger
|
0-0: Swinging Strike 0-1: Swinging Strike 0-2: Ball 1-2: Foul Ball, location: 2F 1-2: Strikes out swinging
|
|
Batting: RHB Jason Birge
|
0-0: Called Strike 0-1: Ball Wild Pitch! Sean Hill to third Edwin Ramos to second 1-1: Ball 2-1: DOUBLE (Flyball, 8LXD, EV 102.5 MPH) Sean Hill scores Edwin Ramos scores
|
|
Pitching: RHP Katsuhito Hoshi
|
|
|
Batting: RHB Dave Saldana
|
0-0: Ball 1-0: Ball Passed Ball! Jason Birge to third 2-0: Called Strike 2-1: Ground out 6-3 (Groundball, 6, EV 88.1 MPH)
|
| Bottom of the 6th over - 2 runs, 2 hits, 0 errors, 1 left on base; Amarillo 2 - Joplin 4 |
| TOP OF THE 7TH |
|
Amarillo ThunderHeads batting - Pitching for Joplin Blasters : RHP Mike Galvin
|
|
Batting: RHB Ron Squires
|
0-0: SINGLE (Line Drive, 9S, EV 86.3 MPH)
|
|
Batting: RHB Luis Solorzano
|
0-0: Called Strike Ron Squires steals 2nd base 0-1: Ball 1-1: Called Strike 1-2: Foul Ball, location: 2F 1-2: Foul Ball, location: 2F 1-2: Ball 2-2: Fly out, F9 (Line Drive, 9, EV 101.3 MPH)
|
|
Pitching: LHP Tyler Abraham
|
|
|
Batting: RHB Elias Sagrero
|
0-0: Ball 1-0: Foul Ball, location: 2F 1-1: Ball 2-1: Ball 3-1: Base on Balls
|
|
Pinch Hitting: RHB Carlos Munos
|
0-0: Ball Ron Squires steals 3rd, throwing error, E2 Ron Squires scores Elias Sagrero to third 1-0: Ball 2-0: SINGLE (Groundball, 34, EV 111.3 MPH) Elias Sagrero scores
|
|
Batting: SHB Zack Barton
|
0-0: Ball Carlos Munos steals 2nd base 1-0: Called Strike Carlos Munos is caught stealing 3rd base 2-5 1-1: Swinging Strike 1-2: Fly out, F4 (Popup, 34S, EV 84.4 MPH)
|
| Top of the 7th over - 2 runs, 2 hits, 1 error, 0 left on base; Amarillo 4 - Joplin 4 |
| BOTTOM OF THE 7TH |
|
Joplin Blasters batting - Pitching for Amarillo ThunderHeads : RHP Katsuhito Hoshi
|
|
Now at 2B: Carlos Munos
|
|
|
Batting: RHB Matt Belgard
|
0-0: Called Strike 0-1: Ball 1-1: Ball 2-1: Ball 3-1: Foul Ball, location: 2F 3-2: Strikes out swinging
|
|
Batting: LHB David Bearden
|
0-0: Swinging Strike 0-1: Swinging Strike 0-2: Ball 1-2: Foul Ball, location: 2F 1-2: Strikes out swinging
|
|
Batting: RHB Justin Goff
|
0-0: Foul Ball, location: 2F 0-1: Foul Ball, location: 2F 0-2: Foul Ball, location: 2F 0-2: Foul Ball, location: 2F 0-2: Foul Ball, location: 2F 0-2: Fly out, F7 (Line Drive, 7D, EV 101.3 MPH)
|
| Bottom of the 7th over - 0 runs, 0 hits, 0 errors, 0 left on base; Amarillo 4 - Joplin 4 |
| TOP OF THE 8TH |
|
Amarillo ThunderHeads batting - Pitching for Joplin Blasters : LHP Tyler Abraham
|
|
Pitching: RHP Ryan Crump
|
|
|
Pinch Hitting: LHB Santino Pisanello
|
0-0: Called Strike 0-1: Ball 1-1: Ground out 3-1 (Groundball, 34S, EV 63.1 MPH)
|
|
Batting: SHB Tim Rogers
|
0-0: Called Strike 0-1: Ball 1-1: Ball 2-1: Swinging Strike 2-2: Ball 3-2: Strikes out looking
|
|
Batting: RHB Nick Solberg
|
0-0: Called Strike 0-1: Ground out 6-3 (Groundball, 6, EV 88.1 MPH)
|
| Top of the 8th over - 0 runs, 0 hits, 0 errors, 0 left on base; Amarillo 4 - Joplin 4 |
| BOTTOM OF THE 8TH |
|
Joplin Blasters batting - Pitching for Amarillo ThunderHeads : RHP Katsuhito Hoshi
|
|
Pitching: RHP Torsten Fisher
|
|
|
Now at 1B: Santino Pisanello
|
|
|
Batting: LHB Josh Dalton
|
0-0: Called Strike 0-1: Ball 1-1: Fly out, F8 (Flyball, 8LD, EV 102.5 MPH)
|
|
Batting: SHB Sean Hill
|
0-0: Foul Ball, location: 2F 0-1: Ball 1-1: Foul Ball, location: 2F 1-2: Strikes out swinging
|
|
Batting: RHB Edwin Ramos
|
0-0: Called Strike 0-1: Fly out, F6 (Flyball, 6MD, EV 87.5 MPH)
|
| Bottom of the 8th over - 0 runs, 0 hits, 0 errors, 0 left on base; Amarillo 4 - Joplin 4 |
| TOP OF THE 9TH |
|
Amarillo ThunderHeads batting - Pitching for Joplin Blasters : RHP Ryan Crump
|
|
Batting: RHB Sal Cervantes
|
0-0: Ball 1-0: Called Strike 1-1: Ball 2-1: Swinging Strike 2-2: Foul Ball, location: 2F 2-2: Ground out 4-3 (Groundball, 4, EV 109.4 MPH)
|
|
Batting: RHB Ron Squires
|
0-0: TRIPLE (Flyball, 89XD, EV 103.1 MPH)
|
|
Batting: RHB Luis Solorzano
|
0-0: Foul Ball, location: 2F 0-1: Bunted foul 0-2: Reached on error, E1 (Groundball, 13S, EV 65.6 MPH) Ron Squires scores
|
|
Pitching: RHP Gary Ackerman
|
|
|
Batting: SHB Alfonso Chacon
|
0-0: Ball 1-0: Ball 2-0: Fielders Choice at 2nd, 3-6 (Groundball, 34S, EV 85.6 MPH)
|
|
Batting: RHB Carlos Munos
|
0-0: Ball Alfonso Chacon steals 2nd base 1-0: Ball 2-0: Ball 3-0: Called Strike 3-1: Base on Balls
|
|
Batting: SHB Zack Barton
|
0-0: Called Strike 0-1: Ball 1-1: Ground out U3 (Groundball, 3S, EV 61.9 MPH)
|
| Top of the 9th over - 1 run, 1 hit, 1 error, 2 left on base; Amarillo 5 - Joplin 4 |
| BOTTOM OF THE 9TH |
|
Joplin Blasters batting - Pitching for Amarillo ThunderHeads : RHP Torsten Fisher
|
|
Pitching: RHP Mike Osgood
|
|
|
Pinch Hitting: LHB Joe Cozart
|
0-0: Ball 1-0: Called Strike 1-1: Foul Ball, location: 2F 1-2: Strikes out looking
|
|
Batting: SHB Ryoji Hiraoka
|
0-0: Ball 1-0: Ball 2-0: Swinging Strike 2-1: Foul Ball, location: 2F 2-2: Strikes out swinging
|
|
Batting: RHB Dave Saldana
|
0-0: Ball 1-0: Ball 2-0: Foul Ball, location: 2F 2-1: Foul Ball, location: 2F 2-2: Ball 3-2: Fly out, F8 (Flyball, 8LXD, EV 100.6 MPH)
|
| Bottom of the 9th over - 0 runs, 0 hits, 0 errors, 0 left on base; Amarillo 5 - Joplin 4 |
|